 Dungeon Crawl Stone Soup version 0.30-a0-723-gc1506a1cf0 (webtiles) character file.

Game seed: 5228231352750064422

51 PriceMaster the Magician (level 3, 0/21 HPs)
             Began as an Octopode Hedge Wizard on Jan 28, 2023.
             Succumbed to an adder's poison
             ... on level 2 of the Dungeon.
             The game lasted 00:04:27 (930 turns).

PriceMaster the Magician (Octopode Hedge Wizard)     Turns: 930, Time: 00:04:27

Health: 0/21       AC:  1    Str:  9    XL:     3   Next: 83%
Magic:  6/8        EV: 13    Int: 16    God:
Gold:   47         SH:  0    Dex: 13    Spells: 6/9 levels left

rFire   . . .      SeeInvis +    a - +0 dagger
rCold   . . .      Faith    .    (no shield)
rNeg    . . .      Spirit   .    b - +0 hat
rPois   .          Reflect  .    (no amulet)
rElec   .          Harm     .    h - ring of see invisible
rCorr   .          Rampage  .    (no ring)
Will    .....                    (no ring)
Stlth   +++                      (no ring)
HPRegen 0.23/turn                (no ring)
MPRegen 0.11/turn                (no ring)
                                 (no ring)
                                 (no ring)

@: lethally poisoned (0 -> -5)
A: almost no armour, amphibious, 8 rings, camouflage 1, gelatinous body 1,
(nimble swimmer 1), tentacles
a: no special abilities


You were on level 2 of the Dungeon.
You visited 1 branch of the dungeon, and saw 2 of its levels.

You collected 47 gold pieces.

Inventory:

Hand Weapons
 a - a +0 dagger (weapon)
Armour
 b - a +0 hat (worn)
Jewellery
 h - a ring of see invisible (left tentacle)
Scrolls
 f - a scroll of summoning {unknown}
 g - a scroll of teleportation {unknown}
Potions
 c - a potion of magic
 e - a potion of flight
 j - a potion of might {unknown}
 k - a potion of degeneration {unknown}


   Skills:
 - Level 0.2 Fighting
 - Level 0.2 Short Blades
 + Level 2.2 Dodging
 * Level 3.4 Stealth
 + Level 3.7 Spellcasting
 + Level 1.4 Conjurations
 + Level 1.1 Summonings
 + Level 1.2 Translocations


You had 6 spell levels left.
You knew the following spells:

 Your Spells              Type           Power      Damage    Failure   Level
a - Magic Dart            Conj           28%        1d4       10%         1
b - Blink                 Tloc           12%        N/A       16%         2

Your spell library contained the following spells:

 Spells                   Type           Power      Damage    Failure   Level
 Slow                     Hex            8%         N/A       17%         1
 Call Imp                 Summ           6%         N/A       17%         2
 Cigotuvi's Dreadful Rot  Necr/Pois/Air  4%         N/A       26%         2
 Mephitic Cloud           Conj/Pois/Air  4%         N/A       41%         3


Dungeon Overview and Level Annotations

Branches:
Dungeon (2/15)

Altars:


Innate Abilities, Weirdness & Mutations

You cannot wear most types of armour.
You are amphibious.
You can wear up to eight rings at the same time.
Your skin changes colour to match your surroundings (Stealth+).
Your rubbery body absorbs attacks. (AC +1, EV +1)
((You are camouflaged when in or above water. (Stealth+)))
You have tentacles for arms and can constrict up to eight enemies at once.


Message History

Casting: Magic Dart (safe; 10% risk of failure)
Confirm with . or Enter, or press ? or * to list all spells.
Aiming: Magic Dart (safe; 10% risk of failure)
Press: ? - help, Shift-Dir - straight line, f - adder
Aim: an adder (100% to hit)
The magic dart hits the adder but does no damage.
You constrict the hobgoblin. The hobgoblin completely misses you.
The adder bites you.
You are poisoned.
The adder poisons you!
Casting: Magic Dart (safe; 10% risk of failure)
Confirm with . or Enter, or press ? or * to list all spells.
Aiming: Magic Dart (safe; 10% risk of failure)
Press: ? - help, Shift-Dir - straight line, f/p - adder
Aim: an adder (100% to hit)
The magic dart hits the adder.
The adder is moderately wounded.
You constrict the hobgoblin.
You feel sick. The adder bites you.
You are lethally poisoned!
The adder poisons you! The hobgoblin misses you. The adder barely misses you.
Casting: Magic Dart (safe; 10% risk of failure)
Confirm with . or Enter, or press ? or * to list all spells.
Aiming: Magic Dart (safe; 10% risk of failure)
Press: ? - help, Shift-Dir - straight line, f/p - adder
Aim: an adder (moderately wounded, 100% to hit)
The magic dart hits the adder.
The adder is heavily wounded.
You constrict the hobgoblin.
You kill the hobgoblin!
You feel sick. The adder closely misses you.
You hit the adder but do no damage. You grab the adder.
The adder is heavily wounded.
You constrict the adder.
* * * LOW HITPOINT WARNING * * *
You feel sick. The adder bites you.
* * * LOW HITPOINT WARNING * * *
You hit the adder but do no damage.
Your tentacle-slap misses the adder.
The adder is heavily wounded.
You constrict the adder.
You die...

#... ... ##..##.. .#
##......####..
#..#..##....##.
#.#..#.)......# ###
#...#.#......# ..##
#...#?†#....# ...#
####..#...)#$(#
.#.####.....#†..@S#
##.##...#...#.....#
#.##.###...#....#(?#
##....# .....#..#....#
..........##.#.#......#
.##.#.........#........#
....#..........##....##.
##...............####.
##.......... ...


You could see an adder.

Vanquished Creatures
  An adder (D:2)
  3 dart slugs
  4 ball pythons
  An endoplasm (D:1)
  2 giant cockroaches
  5 goblins
  5 hobgoblins
  3 kobolds
  A quokka (D:2)
  4 bats
  3 frilled lizards
  A rat (D:1)
33 creatures vanquished.

Notes
Turn   | Place    | Note
-------+----------+-------------------------------------------
     0 | D:1      | PriceMaster the Octopode Hedge Wizard began the quest for
                  | the Orb.
     0 | D:1      | Reached XP level 1. HP: 11/11 MP: 4/4
   113 | D:1      | Reached XP level 2. HP: 10/17 MP: 0/6
   475 | D:1      | Reached XP level 3. HP: 20/21 MP: 8/8
   872 | D:2      | Learned a level 2 spell: Blink
   930 | D:2      | Succumbed to an adder's poison

Illustrated notes

Levels and vault maps discovered:
D:1:      minmay_arrival_three_doors, layout_rooms
D:2:      layout_rooms, minmay_liquid_box, minmay_circled_x

Skill      XL: |  1  2 |
---------------+-------+-----
Stealth        | 3 |  3.4
Fighting       | |  0.2
Short Blades   | |  0.2
Dodging        | |  2.2
Spellcasting   | |  3.7
Conjurations   | |  1.4
Summonings     | |  1.1
Translocations | |  1.2

Action                     || total
---------------------------++-------
  Melee: Dagger            ||    56
         Tentacles         ||    10
         Constrict         ||    21
         Punch             ||     2
   Cast: Magic Dart        ||    33
    Use: Scroll            ||     2
         Potion            ||     3
   Stab: Sleeping          ||     2
 Armour: Skin              ||     9
  Dodge: Dodged            ||    47

Table legend: (Time is in decaauts)
 A = Elapsed time spent in this place.
 B = Non-inter-level travel time spent in this place.
 C = Inter-level travel time spent in this place.
 D = Time resting spent in this place.
 E = Time spent auto-exploring this place.
 F = Levels seen in this place.
 G = Mean time per level.
                   A        B        C        D        E       F      G
               +--------+--------+--------+--------+--------+-----+--------+
         Total |    929 |    903 |     26 |     83 |    608 |   2 |  464.5 |
       Dungeon |    929 |    903 |     26 |     83 |    608 |   2 |  464.5 |
               +--------+--------+--------+--------+--------+-----+--------+

Top non-repeatable levels by time:
     D:1: 696 daAuts
     D:2: 232 daAuts
